 Dungeon Crawl Stone Soup version 0.21.1-1-g345015f (webtiles) character file.

87 HammerPanzer the Skirmisher (level 4, -1/61 HPs)
             Began as a Draconian Abyssal Knight on Apr 4, 2018.
             Was a Follower of Lugonu.
             Slain by a gnoll
             ... wielding a +0 spear
              (10 damage)
             ... on level 3 of the Dungeon.
             The game lasted 00:05:11 (1922 turns).

HammerPanzer the Skirmisher (DrAK)                  Turns: 1922, Time: 00:05:11

Health: -1/61      AC:  6    Str: 20    XL:     4   Next: 28%
Magic:  5/5        EV: 12    Int: 12    God:    Lugonu [*.....]
Gold:   170        SH:  0    Dex: 11    Spells: 3/3 levels left

rFire    . . .     SeeInvis .   a - +1 falchion
rCold    . . .     Gourm    .   (no shield)
rNeg     . . .     Faith    .   (armour unavailable)
rPois    .         Spirit   .   (helmet restricted)
rElec    .         Reflect  .   (no cloak)
rCorr    .         Harm     .   (no gloves)
MR       .....                  k - +0 pair of boots
Stlth    ..........             j - amulet of rage
HPRegen  0.20/turn              c - ring of flight
MPRegen  0.09/turn              (no ring)

@: berserking, very quick
A: unfitting armour, cold-blooded, AC +5
a: Depart the Abyss, Renounce Religion, Evoke Berserk Rage, Evoke Flight


You were on level 3 of the Dungeon.
You worshipped Lugonu.
Lugonu was aware of your devotion.
You were hungry.

You visited 1 branch of the dungeon, and saw 3 of its levels.
You visited the Abyss 1 time.

You collected 170 gold pieces.

Inventory:

Hand Weapons
 a - a +1 falchion (weapon)
Armour
 k - a +0 pair of boots (worn)
Jewellery
 c - a ring of flight (left hand)
 j - an amulet of rage (around neck)
Scrolls
 e - 3 scrolls of teleportation {unknown}
 f - 2 scrolls of enchant weapon {unknown}
 g - a scroll of remove curse {unknown}
 h - a scroll of noise {unknown}
 i - 3 scrolls of identify {unknown}
 n - a scroll of enchant armour {unknown}
Potions
 d - 3 potions of heal wounds {unknown}
 l - a potion of flight {unknown}
Comestibles
 b - 2 rations
 m - 2 chunks of flesh


   Skills:
 + Level 4.6 Fighting
 + Level 2.9 Long Blades
 + Level 2.6 Dodging
 + Level 2.0 Invocations


You had 3 spell levels left.
You didn't know any spells.

Dungeon Overview and Level Annotations

Branches:
Dungeon (3/15)

Altars:
Ashenzari


Innate Abilities, Weirdness & Mutations

Your plain brown scales are hard. (AC +5)
You cannot fit into any form of body armour.
You are cold-blooded and may be slowed by cold attacks.


Message History

The gnoll is moderately wounded.
The gnoll misses you.
You riposte.
You hit the gnoll but do no damage.
The gnoll is moderately wounded.
The gnoll closely misses you. The gnoll hits you but does no damage.
You fail to use your ability.
The gnoll hits you from afar with a spear.
* * * LOW HITPOINT WARNING * * *
The gnoll misses you. The gnoll closely misses you.
A red film seems to cover your vision as you go berserk!
You feel yourself moving faster!
You feel mighty!
You are feeling hungry.
The gnoll misses you. The gnoll hits you but does no damage.
You closely miss the gnoll.
The gnoll is moderately wounded.
The gnoll closely misses you. The gnoll completely misses you.
You barely miss the gnoll.
Your tail-slap misses the gnoll.
The gnoll is moderately wounded.
The gnoll hits you with a spear!
You die...

.# # . .#
##. #.#
#.. #..
#.##.#
#.###.#.#
#.......#
#####.#.##
#.##@###.#
#.###gg.#
#.# ##.##
#.# .# #.#
.# #.# g#
#.# .. #.#
## #.#


You could see 2 gnolls.

Vanquished Creatures
  4 adders (D:2)
  A gnoll (D:3)
  2 dart slugs
  7 bats
  A giant cockroach (D:1)
  7 goblins
  A hobgoblin (D:1)
  A quokka (D:2)
  A ball python (D:2)
  2 frilled lizards
  7 kobolds
  7 rats
41 creatures vanquished.

Notes
Turn   | Place    | Note
-------+----------+-------------------------------------------
     0 | Abyss:1  | HammerPanzer the Draconian Abyssal Knight began the quest for the Orb.
     0 | Abyss:1  | Reached XP level 1. HP: 19/19 MP: 2/2
     0 | D:1      | Escaped the Abyss
   177 | D:1      | Reached XP level 2. HP: 26/27 MP: 3/3
   180 | D:1      | Reached * piety under Lugonu
   691 | D:2      | Reached skill level 4 in Fighting
   691 | D:2      | Reached XP level 3. HP: 28/33 MP: 4/4
   922 | D:2      | Found a shattered altar of Ashenzari.
  1360 | D:2      | Reached XP level 4. HP: 36/41 MP: 5/5
  1922 | D:3      | Slain by a gnoll

Skill      XL: |  1  2 |
---------------+-------+-----
Fighting       | 4 |  4.6
Long Blades    | |  2.9
Dodging        | |  2.6
Invocations    | |  2.0

Action                   |  1- 3 |  4- 6 || total
-------------------------+-------+-------++-------
Melee: Falchion          |    75 |    24 ||    99
       Tailslap          |     5 |     4 ||     9
Invok: Depart the Abyss  |     1 |       ||     1
 Abil: Evoke Berserk Rag |       |     1 ||     1
  Eat: Chunk             |     1 |     2 ||     3
Armor: Skin              |    23 |    12 ||    35
Dodge: Dodged            |    59 |    23 ||    82
       Rpst.: Falchion   |    20 |     3 ||    23
